 Dungeon Crawl Stone Soup version 0.30-a0-949-g53dc5368d7 (webtiles) character file.

Game seed: 17791520017645657128

340 sasquatch the Cutter (level 6, -4/39 HPs)
             Began as an Octopode Brigand on Mar 28, 2023.
             Slain by a gnoll
             ... wielding a +0 club
              (6 damage)
             ... on level 4 of the Dungeon.
             The game lasted 00:04:38 (2236 turns).

sasquatch the Cutter (Octopode Brigand)             Turns: 2236, Time: 00:04:39

Health: -4/39      AC:  1    Str: 10    XL:     6   Next: 56%
Magic:  6/6        EV: 13    Int: 13    God:
Gold:   247        SH:  0    Dex: 21    Spells: 5/5 levels left

rFire   + . .      SeeInvis .    x - +11 whip "Foett" {vamp, rC- Dex+5 Stlth-}
rCold   x . .      Faith    .    (no shield)
rNeg    . . .      Spirit   .    (helmet restricted)
rPois   .          Reflect  .    (no amulet)
rElec   .          Rampage  .    l - ring of protection from fire
rCorr   .                        (no ring)
Will    .....                    (no ring)
Stlth   +++                      (no ring)
HPRegen 0.26/turn                (no ring)
MPRegen 0.10/turn                (no ring)
                                 (no ring)
                                 (no ring)

@: no status effects
A: almost no armour, amphibious, 8 rings, camouflage 1, gelatinous body 1,
(nimble swimmer 1), tentacles
a: no special abilities


You were on level 4 of the Dungeon.
You visited 1 branch of the dungeon, and saw 4 of its levels.

You collected 247 gold pieces.

Inventory:

Hand Weapons
 x - the +11 whip "Foett" (weapon) {vamp, rC- Dex+5 Stlth-}
   (You took it off an orc on level 3 of the Dungeon)

   Dex:       It affects your dexterity (+5).
   rC:        It makes you vulnerable to cold.
   Stlth:     It makes you less stealthy.
 y - a +3 dagger
Missiles
 b - 16 poisoned darts (quivered)
 c - 3 curare-tipped darts
Jewellery
 l - a ring of protection from fire (left tentacle)
Scrolls
 a - a scroll of silence {unknown}
 d - 3 scrolls of teleportation {unknown}
 f - a scroll of immolation {unknown}
 g - 2 scrolls of brand weapon {unknown}
 h - a scroll of noise {unknown}
 i - 3 scrolls of identify {unknown}
 j - a scroll of fear {unknown}
 o - a scroll of summoning {unknown}
 p - 2 scrolls of amnesia {unknown}
 r - 2 scrolls of blinking {unknown}
 t - 3 scrolls of enchant armour {unknown}
 w - a scroll of magic mapping {unknown}
Potions
 k - 2 potions of attraction {unknown}
 m - a potion of degeneration {unknown}
 n - a potion of berserk rage {unknown}
 q - a potion of curing {unknown}
 s - a potion of brilliance {unknown}
 u - a potion of might {unknown}
 v - a potion of magic {unknown}


   Skills:
 - Level 2.0 Fighting
 * Level 6.8 Short Blades
 - Level 2.0 Throwing
 - Level 1.0 Dodging
 - Level 5.3 Stealth


You had 5 spell levels left.
You didn't know any spells.
Your spell library contained the following spells:

 Spells                   Type           Power      Damage    Failure   Level
 Lesser Beckoning         Tloc           0%         N/A       43%         2
 Dazzling Flash           Conj/Hex       0%         N/A       67%         3
 Gell's Gravitas          Tloc           0%         N/A       67%         3
 Teleport Other           Tloc           0%         N/A       67%         3
 Iskenderun's Mystic Bla  Conj/Tloc      0%         2d3       97%         4
 Starburst                Conj/Fire      0%         6d3       100%        6


Dungeon Overview and Level Annotations

Branches:
Dungeon (4/15)
 Temple: D:4-7

Altars:
Trog


Innate Abilities, Weirdness & Mutations

You cannot wear most types of armour.
You are amphibious.
You can wear up to eight rings at the same time.
Your skin changes colour to match your surroundings (Stealth+).
Your rubbery body absorbs attacks. (AC +1, EV +1)
((You are camouflaged when in or above water. (Stealth+)))
You have tentacles for arms and can constrict up to eight enemies at once.


Message History

The orc wizard is moderately wounded.
You constrict the orc wizard. The gnoll closely misses you.
The orc wizard barely misses you. The gnoll closely misses you.
Unknown command.
You hit the orc wizard but do no damage.
You squeeze the orc wizard.
The orc wizard is almost dead.
You constrict the orc wizard.
You kill the orc wizard!
The gnoll barely misses you. The gnoll closely misses you.
Unknown command.
You closely miss the gnoll. Your grab misses the gnoll.
The gnoll hits you with a +0 whip! The gnoll hits you with a +0 club.
* * * LOW HITPOINT WARNING * * *
Unknown command.
Unknown command.
You whack the gnoll! You grab the gnoll.
The gnoll is heavily wounded.
You constrict the gnoll. The gnoll hits you with a +0 club.
* * * LOW HITPOINT WARNING * * *
The gnoll hits you with a +0 whip.
* * * LOW HITPOINT WARNING * * *
Unknown command.
Okay, then.
You whack the gnoll!
You feel better.
You kill the gnoll!
The gnoll hits you with a +0 club.
* * * LOW HITPOINT WARNING * * *
Unknown command.
You hit the gnoll. You grab the gnoll.
The gnoll is moderately wounded.
You constrict the gnoll. The orc barely misses you.
The gnoll barely misses you. The orc hits you with a +0 hand axe.
* * * LOW HITPOINT WARNING * * *
The gnoll completely misses you.
Unknown command.
You hit the gnoll.
The gnoll is severely wounded.
You constrict the gnoll. The gnoll hits you with a +0 club.
You die...

#.##..## ######.#### #.#..##
##...## ##...##..... #.#.##
##.....###.....##.### #.#.#
#...$...#.......#.# #.#.#
.h#.......#.......#.# #.#.#
..#.......#....)..#.# #.#.##
..# #.....###..).†##.# #.#..##
..# #))g# ##...##..#
#.##..##'#######@#######'##..##
#.###..........o............##
#.##.)†.....................#
#.##.......^................#
#.#..###+#######'#######'####
#...## ##...## ##...## ###.#
##.....###.....## ..#
#.......#.).....# #..#
#.......#.......#


You could see a gnoll and an orc.

Vanquished Creatures
  An ogre (D:4)
  An orc wizard (D:4)
  11 adders
  4 gnolls
  An ufetubus (D:4)
  2 dart slugs
  11 orcs
  7 bats
  An endoplasm (D:1)
  6 giant cockroaches
  4 goblins
  6 hobgoblins
  6 jackals
  3 quokkas
  11 ball pythons
  A frilled lizard (D:2)
  4 kobolds
  3 rats
83 creatures vanquished.

Notes
Turn   | Place    | Note
-------+----------+-------------------------------------------
     0 | D:1      | sasquatch the Octopode Brigand began the quest for the Orb.
     0 | D:1      | Reached XP level 1. HP: 14/14 MP: 1/1
    39 | D:1      | Reached XP level 2. HP: 15/19 MP: 2/2
    73 | D:1      | Reached skill level 3 in Short Blades
   501 | D:1      | Reached XP level 3. HP: 24/24 MP: 3/3
  1093 | D:2      | Reached skill level 4 in Short Blades
  1110 | D:2      | Reached XP level 4. HP: 29/29 MP: 4/4
  1515 | D:3      | Reached skill level 5 in Short Blades
  1538 | D:2      | Reached XP level 5. HP: 22/34 MP: 5/5
  1729 | D:3      | Identified the +11 whip "Foett" {vamp, rC- Dex+5 Stlth-}
  1967 | D:4      | Found a bloodstained altar of Trog.
  2004 | D:4      | Noticed an ogre
  2009 | D:4      | Killed an ogre
  2010 | D:4      | Reached skill level 6 in Short Blades
  2010 | D:4      | Reached XP level 6. HP: 34/39 MP: 6/6
  2236 | D:4      | Slain by a gnoll

Illustrated notes

Levels and vault maps discovered:
D:1:      lightli_arrival_maybe_door_vault, layout_loops_cross
D:2:      layout_rooms, minmay_snake_closets
D:3:      layout_rooms
D:4:      kennysheep_six_static_rooms, layout_basic, mainiacjoe_overflow_catwalk

Skill      XL: |  1  2  3  4  5 |
---------------+----------------+-----
Short Blades   | 3 4 5 6 |  6.8
Fighting       | |  2.0
Throwing       | |  2.0
Dodging        | |  1.0
Stealth        | |  5.3

Action                     |  1- 3 |  4- 6 || total
---------------------------+-------+-------++-------
  Melee: Dagger            |    60 |    59 ||   119
         Constrict         |    13 |    26 ||    39
         Tentacles         |    13 |    22 ||    35
         Punch             |     1 |     1 ||     2
         Whip              |       |    39 ||    39
  Throw: Dart              |       |    10 ||    10
   Stab: Sleeping          |    12 |    14 ||    26
         Distracted        |     1 |     1 ||     2
 Armour: Skin              |     5 |     5 ||    10
  Dodge: Dodged            |    34 |    55 ||    89

Table legend: (Time is in decaauts)
 A = Elapsed time spent in this place.
 B = Non-inter-level travel time spent in this place.
 C = Inter-level travel time spent in this place.
 D = Time resting spent in this place.
 E = Time spent auto-exploring this place.
 F = Levels seen in this place.
 G = Mean time per level.
                   A        B        C        D        E       F      G
               +--------+--------+--------+--------+--------+-----+--------+
         Total |   2216 |   2115 |    101 |     83 |   1530 |   4 |  554.0 |
       Dungeon |   2216 |   2115 |    101 |     83 |   1530 |   4 |  554.0 |
               +--------+--------+--------+--------+--------+-----+--------+

Top non-repeatable levels by time:
     D:1: 728 daAuts
     D:2: 706 daAuts
     D:3: 495 daAuts
     D:4: 285 daAuts
